 Dungeon Sprint DCSS version 0.20-a0-1122-gb7cbeb9 (webtiles) character file.

11300000 Kidiri the Conqueror (level 27, -9/323 HPs)
             Began as a Troll Gladiator on May 12, 2017.
             Was the Champion of Makhleb.
             Mangled by a dread (12 damage)
             ... in the Dungeon (Sprint VIII: "Arena of Blood").
             The game lasted 00:04:15 (113 turns).

Kidiri the Conqueror (Troll Gladiator)               Turns: 113, Time: 00:04:16

Health: -9/323     AC:  7    Str: 30    XL:     27
Magic:  36/53      EV: 32    Int:  4    God:    Makhleb [******]
Gold:   0          SH:  0    Dex: 20    Spells: 80/80 levels left

rFire    . . .     SeeInvis +   l - +∞ Axe of Woe
rCold    . . .     Gourm    +   (shield currently unavailable)
rNeg     . . .     Faith    .   b - +0 robe
rPois    .         Spirit   .   c - +0 hat
rElec    .         Reflect  .   (no cloak)
rCorr    .         Harm     .   (gloves unavailable)
MR       ++...     NoTele   +   (boots unavailable)
Stlth    +++++++++.             (no amulet)
Regen    1.1/turn               g - ring of see invisible
MPRegen  0.4/turn               (no ring)

@: no status effects
A: unfitting armour, claws 3, fast metabolism 3, gourmand, regeneration 1,
shaggy fur 1, tough skin 2
a: Minor Destruction, Lesser Servant of Makhleb, Major Destruction, Greater
Servant of Makhleb, Renounce Religion


You were in the Dungeon.
You worshipped Makhleb.
Makhleb was exalted by your worship.
You were not hungry.

You visited 1 branch

Inventory:

Hand Weapons
 a - a +0 war axe
 l - the +∞ Axe of Woe (weapon)
   (You found it in the Dungeon)
Missiles
 d - 3 throwing nets (quivered)
Armour
 b - a +0 robe (worn)
 c - a +0 hat (worn)
Jewellery
 g - a ring of see invisible (left claw)
 m - a +30 ring of slaying
Scrolls
 k - a scroll of blinking
Potions
 e - a potion of curing
 h - a potion of haste
 i - 2 potions of magic
 j - a potion of berserk rage
Comestibles
 f - 2 bread rations


   Skills:
 O Level 27 Fighting
 O Level 27 Axes
 O Level 27 Throwing
 O Level 27 Armour
 O Level 27 Dodging
 O Level 27 Stealth
 O Level 27 Unarmed Combat
 O Level 27 Spellcasting
 O Level 27 Invocations


You had 80 spell levels left.
You didn't know any spells.

Dungeon Overview and Level Annotations

Branches:
Dungeon (1/1)

Altars:
Makhleb


Innate Abilities, Weirdness & Mutations

You are too large for most types of armour.
You have claws for hands.
Your metabolism is lightning-fast.
You like to eat raw meat.
Your natural rate of healing is unusually fast.
You are covered in fur. (AC +1)
You have very tough skin. (AC +2)


Message History

The observer gazes at your blizzard demon.
The bolt of fire hits your blizzard demon.
Your blizzard demon is burned terribly!
Your blizzard demon dies!
You hear a shout! x2
Your green death gestures at the accursed.
The poison arrow hits the accursed.
The accursed partially resists.
You hear a shout!
An eight-headed meat hydra comes into view.
The eight-headed meat hydra roars!
A bag of meat comes into view. It is wielding a +9 war axe.
The bag of meat shouts!
You hear a roar!
You hear a shout!
The observer gazes at your green death. The bolt of fire hits you!
* * * LOW HITPOINT WARNING * * *
The bolt of fire misses your green death.
You hear a shout! x4
The dread hits you!
You die...

#################
####.%.............#
####oo.....)..).........
##..o.§)2W..##)##.#####..
..oooO§§@MG.............
.oDoo####G....##.##.....
DLo.#...........)........
o V.O#...X....).#)#......
#........))........#
..#......))))........
.W..#...%.).).........
..........)%)..........
.........))))))))%.....


You could see an accursed, a tyrant, an eight-headed meat hydra, 2 observers, a
large abomination (unaware), a dread, a meat berserker (berserk), 9 bags of meat
and a friendly green death.

Vanquished Creatures
  A hell beast (D)
  3 greater mummies (D)
  A great orb of eyes (D)
  2 wraiths (D)
  Harold (D)
  11 vampire knights (D)
  17 ogres (D)
  6 two-headed ogres (D)
  3 liches (D)
  35 orcs (D)
  2 phantoms (D)
  6 skeletal warriors (D)
  A sea snake (D)
  3 large abominations (D)
  3 small abominations (D)
  3 crawling corpses (D)
98 creatures vanquished.

Vanquished Creatures (others)
  2 crawling corpses (D)
2 creatures vanquished.

Grand Total: 100 creatures vanquished

Notes
Turn   | Place    | Note
-------+----------+-------------------------------------------
     0 | D        | Kidiri the Troll Gladiator began the quest for the Orb.
     0 | D        | Reached XP level 1. HP: 19/19 MP: 0/0
     4 | D        | Noticed a bag of meat
     4 | D        | Became a worshipper of Makhleb the Destroyer
     5 | D        | Noticed a bag of meat
     6 | D        | Noticed a bag of meat
     7 | D        | Noticed a bag of meat
     8 | D        | Noticed a meat berserker
     8 | D        | Killed a bag of meat
     8 | D        | Reached XP level 2. HP: 50/50 MP: 1/1
     8 | D        | Reached XP level 3. HP: 58/58 MP: 2/2
     8 | D        | Reached XP level 4. HP: 67/67 MP: 3/3
     8 | D        | Reached XP level 5. HP: 75/75 MP: 4/4
     8 | D        | Reached XP level 6. HP: 84/84 MP: 5/5
     8 | D        | Reached XP level 7. HP: 92/92 MP: 6/6
     8 | D        | Reached XP level 8. HP: 101/101 MP: 7/7
     8 | D        | Reached XP level 9. HP: 109/109 MP: 8/8
     8 | D        | Reached XP level 10. HP: 118/118 MP: 9/9
     8 | D        | Reached XP level 11. HP: 124/124 MP: 10/10
     9 | D        | Noticed a large bag of meat
     9 | D        | Noticed a bag of meat
     9 | D        | Noticed a meat berserker
     9 | D        | Killed a bag of meat
     9 | D        | Reached * piety under Makhleb
     9 | D        | Reached skill level 5 in Invocations
     9 | D        | Reached XP level 12. HP: 139/139 MP: 10/15
    10 | D        | Noticed a bag of meat
    10 | D        | Noticed a bag of meat
    10 | D        | Noticed a bag of meat
    10 | D        | Killed a bag of meat
    10 | D        | Reached skill level 15 in Fighting
    10 | D        | Reached skill level 15 in Axes
    10 | D        | Reached skill level 15 in Armour
    10 | D        | Reached skill level 15 in Dodging
    10 | D        | Reached XP level 13. HP: 150/150 MP: 10/17
    10 | D        | Killed a bag of meat
    10 | D        | Reached XP level 14. HP: 162/162 MP: 10/19
    11 | D        | Noticed a bag of meat
    11 | D        | Noticed a bag of meat
    11 | D        | Killed a meat berserker
    11 | D        | Reached ** piety under Makhleb
    11 | D        | Reached XP level 15. HP: 176/176 MP: 10/22
    11 | D        | Killed a meat berserker
    13 | D        | Killed a large bag of meat
    13 | D        | Reached XP level 16. HP: 195/195 MP: 10/25
    14 | D        | Reached *** piety under Makhleb
    14 | D        | Reached skill level 15 in Invocations
    14 | D        | Reached XP level 17. HP: 205/205 MP: 10/27
    15 | D        | Reached **** piety under Makhleb
    16 | D        | Reached XP level 18. HP: 222/222 MP: 11/29
    17 | D        | Noticed a large bag of meat
    18 | D        | Noticed a meat berserker
    19 | D        | Reached ***** piety under Makhleb
    21 | D        | Noticed a destroyer
    21 | D        | Reached XP level 19. HP: 239/239 MP: 12/31
    22 | D        | Killed a meat berserker
    23 | D        | Killed a large bag of meat
    23 | D        | Reached ****** piety under Makhleb
    23 | D        | Reached skill level 27 in Fighting
    23 | D        | Reached skill level 27 in Axes
    23 | D        | Reached skill level 27 in Armour
    23 | D        | Reached skill level 27 in Dodging
    23 | D        | Reached XP level 20. HP: 231/256 MP: 12/35
    24 | D        | Reached skill level 27 in Invocations
    24 | D        | Reached skill level 10 in Unarmed Combat
    25 | D        | Noticed a large bag of meat
    26 | D        | Reached XP level 21. HP: 265/265 MP: 13/37
    26 | D        | Reached skill level 10 in Stealth
    26 | D        | Reached skill level 15 in Unarmed Combat
    26 | D        | Reached skill level 10 in Spellcasting
    28 | D        | Noticed a large bag of meat
    28 | D        | Reached skill level 15 in Throwing
    30 | D        | Noticed a destroyer
    31 | D        | Killed a large bag of meat
    32 | D        | Noticed a large bag of meat
    32 | D        | Noticed The Servant
    32 | D        | Noticed a destroyer
    33 | D        | Reached XP level 22. HP: 275/275 MP: 14/39
    33 | D        | Killed a destroyer
    36 | D        | Noticed a destroyer
    36 | D        | Killed a destroyer
    36 | D        | Reached XP level 23. HP: 284/284 MP: 15/44
    37 | D        | Reached skill level 27 in Unarmed Combat
    38 | D        | Noticed a destroyer
    39 | D        | Killed a large bag of meat
    39 | D        | Reached skill level 27 in Throwing
    40 | D        | Noticed a destroyer
    41 | D        | Noticed a destroyer
    41 | D        | Killed The Servant
    41 | D        | Reached XP level 24. HP: 295/295 MP: 16/49
    42 | D        | Noticed a destroyer
    43 | D        | Killed a destroyer
    43 | D        | Killed a destroyer
    43 | D        | Reached skill level 27 in Stealth
    43 | D        | Reached skill level 27 in Spellcasting
    43 | D        | Killed a destroyer
    43 | D        | Reached XP level 25. HP: 304/304 MP: 17/53
    47 | D        | Noticed an accursed
    47 | D        | Killed a large bag of meat
    48 | D        | Noticed an accursed
    48 | D        | Reached XP level 26. HP: 314/314 MP: 18/53
    49 | D        | Noticed a tyrant
    49 | D        | Killed a destroyer
    52 | D        | Noticed an accursed
    53 | D        | Killed an accursed
    53 | D        | Reached XP level 27. HP: 323/323 MP: 19/53
    56 | D        | Noticed a tyrant
    56 | D        | Killed an accursed
    58 | D        | Killed a tyrant
    59 | D        | Noticed a destroyer
    59 | D        | Killed a destroyer
    61 | D        | Noticed a dread
    61 | D        | Killed a destroyer
    63 | D        | Noticed a dread
    64 | D        | Noticed a tyrant
    65 | D        | Killed a destroyer
    67 | D        | Killed a tyrant
    76 | D        | Killed a dread
    78 | D        | Killed a dread
    79 | D        | Killed a tyrant
    94 | D        | Noticed an accursed
    95 | D        | Noticed a destroyer
    97 | D        | Noticed a dread
    97 | D        | Noticed a dread
    98 | D        | Noticed a destroyer
    99 | D        | Noticed an accursed
    99 | D        | Noticed a meat beast
   100 | D        | Noticed a large bag of meat
   100 | D        | Killed a destroyer
   102 | D        | Killed a meat beast
   104 | D        | Killed an accursed
   108 | D        | Killed a large bag of meat
   111 | D        | HP: 14/323 [accursed/divine providence (13)]
   112 | D        | Noticed a tyrant
   112 | D        | Killed a destroyer
   113 | D        | HP: 3/323 [observer/bolt of fire (56)]
   113 | D        | Mangled by a dread

Vault maps used:
D:        meatsprint

Skill      XL: |  1  2  3  4  5  6  7  8  9 10 11 12 13 14 15 16 17 18 19 20 21 22 23 24 |
---------------+-------------------------------------------------------------------------+-----
Fighting       | 12 14 15 16 17 20 21 23 25 27 | 27.0
Axes           | 12 14 15 16 18 20 21 23 25 27 | 27.0
Armour         | 12 14 15 16 17 20 21 23 25 27 | 27.0
Dodging        | 12 14 15 16 17 20 21 23 25 27 | 27.0
Invocations    | 5 7 9 11 13 15 17 19 24 27 | 27.0
Throwing       | 12 20 24 27 | 27.0
Stealth        | 9 14 18 23 27 | 27.0
Unarmed Combat | 13 21 26 27 | 27.0
Spellcasting   | 9 14 18 23 27 | 27.0

Action                   |  1- 3 |  4- 6 |  7- 9 | 10-12 | 13-15 | 16-18 | 19-21 | 22-24 | 25-27 || total
-------------------------+-------+-------+-------+-------+-------+-------+-------+-------+-------++-------
Melee: Executioner's axe |     1 |       |       |     2 |     2 |     7 |     8 |     7 |    38 ||    65
Invok: Greater Servant o |       |       |       |       |       |       |       |       |     2 ||     2
  Use: Potion            |       |       |       |       |       |       |       |       |     1 ||     1
Dodge: Dodged            |       |       |       |     1 |       |       |       |     1 |     2 ||     4
